 Dungeon Crawl Stone Soup version 0.27.0-1-g7a089689b8 (webtiles) character file.

Game seed: 14672667116939261946

37 shotgunwizard22 the Ruffian (level 3, -3/36 HPs)
             Began as a Troll Berserker on Aug 15, 2021.
             Was a Follower of Trog.
             Slain by a gnoll (5 damage)
             ... on level 2 of the Dungeon.
             The game lasted 00:04:32 (353 turns).

shotgunwizard22 the Ruffian (Troll Berserker)        Turns: 353, Time: 00:04:33

Health: -3/36      AC:  4    Str: 26    XL:     3   Next: 21%
Magic:  2/2        EV: 10    Int:  3    God:    Trog [*.....]
Gold:   30         SH:  0    Dex:  9    Spells: 2/2 levels left

rFire    . . .     SeeInvis .     - Unarmed
rCold    . . .     Faith    .   (no shield)
rNeg     . . .     Spirit   .   a - +0 animal skin
rPois    .         Reflect  .   (helmet restricted)
rElec    .         Harm     .   (no cloak)
rCorr    .         Rampage  .   (gloves unavailable)
Will     .....                  (boots unavailable)
Stlth    +.........             (no amulet)
HPRegen  1.12/turn              (no ring)
MPRegen  0.08/turn              (no ring)

@: on berserk cooldown, slowed, very slow
A: large, unfitting armour, claws 3, regeneration 1, shaggy fur 1, tough skin 1
a: Renounce Religion, Berserk


You were on level 2 of the Dungeon.
You worshipped Trog.
Trog was aware of your devotion.
You visited 1 branch of the dungeon, and saw 2 of its levels.

You collected 30 gold pieces.

Inventory:

Hand Weapons
 b - a +0 club
 c - a +0 dagger
 e - a +2 dagger of protection
 h - a +2 dagger of electrocution
Missiles
 d - 3 stones (quivered)
Armour
 a - a +0 animal skin (worn)
 g - a +0 ring mail
Scrolls
 f - a scroll of fog {unknown}
Potions
 i - a potion of resistance {unknown}


   Skills:
 + Level 2.8 Fighting
 + Level 2.8 Dodging
 + Level 3.5 Unarmed Combat


You had 2 spell levels left.
You didn't know any spells.
Your spell library was empty.

Dungeon Overview and Level Annotations

Branches:
Dungeon (2/15)

Altars:

Shops:
D:1 *


Innate Abilities, Weirdness & Mutations

You are too large for most types of armour.
You have claws for hands.
Your natural rate of healing is unusually fast.
You are covered in fur. (AC +1)
You have tough skin. (AC +1)


Message History

A gnoll comes into view. It is wielding a +0 whip.
The gnoll hits you with a +0 club.
You mangle the gnoll!!
You kill the gnoll!
Trog accepts your kill.
You feel a strong urge to attack something.
A rat comes into view.
You completely miss the gnoll. The gnoll completely misses you.
You scratch the gnoll.
The gnoll is moderately wounded.
You are no longer berserk.
You are exhausted.
You feel yourself slow down. The gnoll hits you with a +0 club.
The gnoll hits you from afar with a +0 spear!
You claw the gnoll!
You kill the gnoll!
Trog accepts your kill. The gnoll closely misses you.
You have reached level 3!
Your experience leads to an increase in your attributes!
Increase (S)trength, (I)ntelligence, or (D)exterity?
You feel stronger. x2
The gnoll hits you with a +0 spear.
Things that are here:
a +0 club; a gnoll corpse You scratch the gnoll.
The gnoll is moderately wounded.
The gnoll hits you with a +0 whip! The gnoll hits you but does no damage.
The gnoll hits you with a +0 whip.
* * * LOW HITPOINT WARNING * * *
You scratch the gnoll.
The gnoll is almost dead.
The gnoll barely misses you. The gnoll hits you with a +0 whip!
* * * LOW HITPOINT WARNING * * *
You barely miss the gnoll.
The gnoll is almost dead.
The gnoll hits you with a +0 spear.
* * * LOW HITPOINT WARNING * * *
The gnoll closely misses you. The gnoll hits you with a +0 spear.
You die...

##...##
##.....##
##.......##
#.†.....(.#
+...=.....+
#..†......#
##.......##
##.)...##
##.@g##
##g## #r#
#.# #.# ...
... ...


You could see 2 gnolls and a rat.

Vanquished Creatures
  2 gnolls (D:2)
  A worm (D:2)
  A giant cockroach (D:1)
  A goblin (D:1)
  2 jackals (D:1)
  A kobold (D:1)
  A quokka (D:1)
  5 frilled lizards
  2 rats (D:1)
16 creatures vanquished.

Notes
Turn   | Place    | Note
-------+----------+-------------------------------------------
     0 | D:1      | shotgunwizard22 the Troll Berserker began the quest for the
                  | Orb.
     0 | D:1      | Reached XP level 1. HP: 22/22 MP: 0/0
   154 | D:1      | Reached XP level 2. HP: 27/29 MP: 1/1
   285 | D:1      | Found Yjuynea's General Store.
   350 | D:2      | Reached XP level 3. HP: 24/36 MP: 2/2
   353 | D:2      | Slain by a gnoll

Illustrated notes

Levels and vault maps discovered:
D:1:      scummos_arrival_simple_fountains, layout_basic, serial_shops,
          shop_statue, minmay_tetromino_t2
D:2:      layout_loops_corners, shapermc_ecumenical_altar_mp_urbaneastern,
          minmay_puff

Action                   || total
-------------------------++-------
Melee: Unarmed           ||    39
Invok: Berserk           ||     2
Armor: Animal skin       ||     7
Dodge: Dodged            ||    17
